 Dungeon Crawl Stone Soup version 0.30-a0-374-g95c0257040 (webtiles) character file.

Game seed: 17840612734744168282

3500 kae the Transmogrifier (level 9, 0/76 HPs)
             Began as a Black Draconian Transmuter on Nov 25, 2022.
             Was an Initiate of Ru.
             Shot with a bolt by an orc (12 damage)
             ... in a bailey.
             The game lasted 00:07:58 (7228 turns).

kae the Transmogrifier (Black Draconian Transmuter) Turns: 7228, Time: 00:07:58

Health: 0/76       AC:  8    Str: 18    XL:     9   Next: 80%
Magic:  14/17      EV: 10    Int: 17    God:    Ru [......]
Gold:   398        SH:  0    Dex: 13    Spells: 9/19 levels left

rFire   x . .      SeeInvis .      - Unarmed
rCold   + + +      Faith    .    (shield currently unavailable)
rNeg    . . .      Spirit   .    (body armour unavailable)
rPois   +          Reflect  .    (helmet currently unavailable)
rElec   .          Harm     .    (cloak currently unavailable)
rCorr   .          Rampage  .    (gloves currently unavailable)
Will    .....                    (boots currently unavailable)
Stlth   +.........               (no amulet)
HPRegen 0.32/turn                Y - +4 ring of slaying
MPRegen 0.15/turn                S - +6 ring of strength

@: ice-form
A: freezing attack, amphibious, boosted hp, (breathe lightning), AC +7, large,
unfitting armour, (electricity resistance), (cold-blooded)
a: End Transformation, Renounce Religion


You were in a bailey.
You worshipped Ru.
Ru was noncommittal.
You were a creature of crystalline ice.
You visited 2 branches of the dungeon, and saw 8 of its levels.
You also visited: Bailey.

You collected 398 gold pieces.


Innate Abilities, Weirdness & Mutations

You are a creature of crystalline ice.
You have a powerful freezing melee attack.
You are amphibious.
Your maximum health is increased.
Your armour is entirely melded.
You are incapable of wielding weapons or throwing items.
((You can breathe wild blasts of lightning.))
((Your glossy black scales are hard. (AC +7)))
You cannot fit into any form of body armour.
((You are resistant to electric shocks. (rElec)))
((You are cold-blooded and may be slowed by cold attacks.))


   Skills:
 + Level 1.2 Fighting
 + Level 1.8 Dodging
 + Level 6.6 Unarmed Combat
 + Level 5.9 Spellcasting
 * Level 8.9 Transmutations
 * Level 6.6 Ice Magic
 - Level 1.5 Poison Magic


You had 9 spell levels left.
You knew the following spells:

 Your Spells              Type           Power      Damage    Failure   Level
a - Beastly Appendage     Tmut           70%        N/A       1%          1
b - Wereblood             Tmut           35%        N/A       1%          2
c - Spider Form           Tmut/Pois      22%        N/A       4%          3
d - Ice Form              Ice/Tmut       31%        N/A       5%          4

Your spell library contained the following spells:

 Spells                   Type           Power      Damage    Failure   Level
 Hailstorm                Conj/Ice       16%        3d6       10%         3
 Necrotise                Necr           20%        1d5       13%         1
 Summon Small Mammal      Summ           20%        N/A       13%         1
 Blink                    Tloc           10%        N/A       21%         2
 Momentum Strike          Conj/Tloc      10%        3d8       21%         2
 Call Canine Familiar     Summ           5%         N/A       36%         3
 Lesser Beckoning         Tloc           10%        N/A       36%         3
 Summon Guardian Golem    Hex/Summ       5%         N/A       36%         3
 Vampiric Draining        Necr           5%         2d6       36%         3
 Agony                    Necr           5%         N/A       98%         5
 Simulacrum               Ice/Necr       8%         N/A       99%         6

Inventory:

Missiles
 b - 72 stones
 n - 15 poisoned darts
Armour
 c - a scarf of shadows (melded)
   (You found it on level 1 of the Dungeon)
Jewellery
 S - a +6 ring of strength (right front paw)
   (You found it on level 6 of the Dungeon)
 Y - a +4 ring of slaying (left front paw)
   (You found it on level 5 of the Dungeon)
Wands
 o - a wand of polymorph (16)
   (You found it on level 3 of the Dungeon)
 v - a wand of digging (5)
   (You took it off Ijyb on level 5 of the Dungeon)
 x - a wand of flame (24)
   (You found it on level 6 of the Dungeon)
Scrolls
 f - a scroll of summoning {unknown}
 g - 4 scrolls of teleportation {@r4}
 h - a scroll of poison {!r}
 i - 2 scrolls of enchant armour
 m - a scroll of brand weapon {unknown}
 p - 3 scrolls of identify {@r1}
 t - 2 scrolls of fear
 w - a scroll of vulnerability {unknown}
Potions
 d - 5 potions of curing {unknown}
 e - 2 potions of heal wounds {unknown}
 k - a potion of invisibility
 l - a potion of ambrosia {unknown}
 q - a potion of flight {unknown}
 r - 4 potions of mutation {unknown}
 s - 2 potions of brilliance {unknown}

Dungeon Overview and Level Annotations

Branches:
Dungeon (7/15) Zot: 26798  Temple (1/1) D:7 Zot: 5928  Bailey (1/1) Zot: 5775

Altars:
Ashenzari
Hepliaklqana
Makhleb
Ru
Trog

Shops:
D:3

[ ##...........
#...........
#...........
#........... ##
#...........
#..##...........
#...............
#...............
#...o≈≈≈Y≈≈.....
#....≈##o#≈≈....
.......≈#∩o##≈....
............ ≈....
........≈##.##
.... ........≈≈###
... ........≈≈≈≈
... .. ...


You could see an orc warrior and 2 orcs.


Message History

You hit the orc. You freeze the orc. You hit the orc. You freeze the orc.
You kill the orc!
The orc closely misses you. The orc barely misses you.
You hit the orc. You freeze the orc.
You kill the orc!
The orc hits you but does no damage.
You punch the orc! You freeze the orc.
You kill the orc! 😕 HP[+1] No target in view!
No target in view!
Things that are here:
a +0 arbalest; a +0 ring mail; an orc corpse No target in view!
No target in view!
Things that are here:
a +0 arbalest; a +0 scale mail; an orc corpse 😕 HP[+1]
There is a gate leading back out of this place here.
You start resting.
Your transformation is almost over.
You warm up again.
Your scarf of shadows unmelds from your body.
It gets dark. 😎 HP[-7]
You now have 64 max hp (-12).
You start waiting.
Done waiting.
An orc warrior comes into view. It is wielding a +0 arbalest.
An orc warrior is nearby!
An orc warrior is nearby!
An orc warrior is nearby!
The orc warrior shouts!
You hear a shout! x2
An orc comes into view. It is wielding a +0 arbalest.
The orc warrior shoots a bolt.
The bolt hits you! 😕 HP[-10]
You take 10 damage, and now have 54/64 hp. 😕 HP[+1]
Casting: Ice Form (dangerous; 5% risk of failure)
Confirm with . or Enter, or press ? or * to list all spells.
You turn into a creature of crystalline ice.
Your scarf of shadows melds into your body.
The dungeon's light returns to normal.
An orc comes into view. It is wielding a +0 arbalest.
The orc warrior shoots a bolt.
The bolt hits you!
The orc warrior shoots a bolt.
The bolt misses you. 😕 HP[+3] MP[-4]
You now have 76 max hp (+12).
You regained 3 hp, and now have 58/76 hp.
You lost 4 mp, and now have 13/17 mp.
The orc shoots a bolt.
The bolt hits you.
The orc warrior shoots a bolt.
The bolt hits you! 😮 HP[-10]
You take 10 damage, and now have 48/76 hp.
The orc warrior unwields a +0 arbalest.
The orc warrior hits you. 😮 HP[-2]
You take 2 damage, and now have 46/76 hp.
You barely miss the orc warrior.
The orc unwields a +0 arbalest.
The orc barely misses you.
The orc shoots a bolt.
The bolt hits you!
* * * LOW HITPOINT WARNING * * *
The orc warrior hits you.
* * * LOW HITPOINT WARNING * * *
😨 HP[-10]
You take 10 damage, and now have 36/76 hp.
You punch the orc warrior! You freeze the orc warrior!
The orc warrior hits you.
* * * LOW HITPOINT WARNING * * *
An orc warrior comes into view. It is wielding a +0 arbalest.
The orc warrior shouts! 😨 HP[-4] MP[+1]
You take 4 damage, and now have 32/76 hp.
Unknown command.
Found a gate leading back out of this place.
The orc shoots a bolt.
The bolt hits you.
* * * LOW HITPOINT WARNING * * *
The orc warrior hits you but does no damage. 😨 HP[-6]
You take 6 damage, and now have 26/76 hp.
You pummel the orc warrior!! You freeze the orc warrior.
You kill the orc warrior!
The orc warrior shoots a bolt.
The bolt hits you.
* * * LOW HITPOINT WARNING * * *
The orc shoots a bolt.
The bolt closely misses you. 😨 HP[-4]
You take 4 damage, and now have 22/76 hp.
The orc warrior unwields a +0 arbalest.
The orc warrior hits you.
* * * LOW HITPOINT WARNING * * *
The orc shoots a bolt.
The bolt closely misses you.
Things that are here:
a +0 arbalest; a +0 scale mail; an orc corpse 😱 HP[-6]
You take 6 damage, and now have 16/76 hp.
You punch the orc warrior! You freeze the orc warrior.
The orc shoots a bolt.
The bolt closely misses you.
You hear a shout!
You barely miss the orc warrior. The orc warrior hits you.
* * * LOW HITPOINT WARNING * * *
The orc shoots a bolt.
The bolt hits you!
You die...

Skill      XL: |  1  2  3  4  5  6  7  8  9 |
---------------+----------------------------+-----
Transmutations | 3 4 5 6 7 8 |  8.9
Spellcasting   | 3 4 5 |  5.9
Poison Magic   | 1 |  1.5
Unarmed Combat | 4 5 6 |  6.6
Ice Magic      | 2 5 6 |  6.6
Fighting       | |  1.2
Dodging        | |  1.8

Action                   |  1- 3 |  4- 6 |  7- 9 || total
-------------------------+-------+-------+-------++-------
Melee: Unarmed           |   127 |   148 |   194 ||   469
       Kick              |    20 |     8 |       ||    28
       Tailslap          |     9 |     7 |       ||    16
       Headbutt          |     7 |     3 |       ||    10
       Punch             |     1 |     1 |       ||     2
 Cast: Beastly Appendage |    28 |     8 |       ||    36
       Spider Form       |       |    19 |    10 ||    29
       Wereblood         |       |     2 |     8 ||    10
       Ice Form          |       |       |    19 ||    19
  Use: Potion            |       |     2 |     1 ||     3
       Scroll            |       |       |     8 ||     8
 Stab: Sleeping          |       |       |     1 ||     1
       Invisible         |       |       |     3 ||     3
Armor: Skin              |    39 |    55 |    68 ||   162
Dodge: Dodged            |   102 |   108 |   132 ||   342

Levels and vault maps discovered:
D:1:      dpeg_arrival_signposts, layout_basic, minmay_pentomino_o2
D:2:      layout_rooms
D:3:      layout_rooms, mainiacjoe_overflow_tiny_flanked, serial_shops, shop
D:4:      layout_basic, uniq_blork_the_orc
D:5:      layout_cave_pods, uniq_ijyb, uniq_sigmund, uniq_menkaure
D:6:      minmay_bubble_buster, layout_basic, lemuel_coloured_pillars_altar
D:7:      layout_basic, minmay_temple_entry_hall, enter_bailey_3,
          minmay_misc_feat_ornament, hellmonk_bongcloud_opening, uniq_joseph
Temple:   mainiacjoe_temple_bowtie_tessellation
Bailey:   bailey_polearm_2, bailey

Notes
Turn   | Place    | Note
-------+----------+-------------------------------------------
     0 | D:1      | kae the Draconian Transmuter began the quest for the Orb.
     0 | D:1      | Reached XP level 1. HP: 16/16 MP: 3/3
     0 | D:1      | magus.rc [v1.11.3]
   145 | D:1      | Reached XP level 2. HP: 19/23 MP: 3/5
   652 | D:1      | Reached XP level 3. HP: 28/28 MP: 4/6
   655 | D:1      | Learned a level 2 spell: Wereblood
   659 | D:1      | Learned a level 3 spell: Spider Form
  1041 | D:2      | Reached skill level 3 in Transmutations
  1063 | D:2      | HP: 6/28 [adder (3)]
  1278 | D:2      | You pick up a book of Callings and begin reading...
  1278 | D:2      | You add the spells Summon Small Mammal, Call Canine
                  | Familiar and Summon Guardian Golem to your library.
  1281 | D:2      | You fall into a shaft and drop 1 floor!
  1402 | D:3      | Reached XP level 4. HP: 32/35 MP: 5/7
  1918 | D:3      | Found Heageav's Armour Emporium.
  1977 | D:4      | Noticed Blork the orc
  1989 | D:4      | Killed Blork the orc
  1990 | D:4      | Reached skill level 3 in Spellcasting
  1990 | D:4      | Reached skill level 1 in Poison Magic
  1990 | D:4      | Reached XP level 5. HP: 20/40 MP: 9/9
  2135 | D:4      | Reached skill level 4 in Transmutations
  2190 | D:3      | Reached skill level 4 in Unarmed Combat
  2224 | D:3      | You pick up a book of Necromancy and begin reading...
  2224 | D:3      | You add the spells Necrotise, Vampiric Draining and Agony
                  | to your library.
  2245 | D:3      | Found a broken altar of Ashenzari.
  2262 | D:3      | Learned a level 4 spell: Ice Form
  2498 | D:4      | Reached XP level 6. HP: 47/47 MP: 3/11
  3140 | D:4      | Reached skill level 5 in Transmutations
  3566 | D:4      | Your scales start taking on a glossy black colour.
  3566 | D:4      | Reached XP level 7. HP: 44/52 MP: 10/12
  3566 | D:4      | Gained mutation: You are resistant to electric shocks.
                  | (rElec) [Black Draconian growth]
  3718 | D:5      | Entered Level 5 of the Dungeon
  3735 | D:5      | Reached skill level 4 in Spellcasting
  3735 | D:5      | Reached skill level 1 in Ice Magic
  3985 | D:5      | You pick up a book of Spatial Translocations and begin
                  | reading...
  3985 | D:5      | You add the spells Blink, Momentum Strike and Lesser
                  | Beckoning to your library.
  4241 | D:5      | Reached skill level 6 in Transmutations
  4241 | D:5      | Reached skill level 2 in Ice Magic
  4265 | D:5      | Noticed Sigmund
  4279 | D:5      | Killed Sigmund
  4280 | D:5      | Reached skill level 5 in Unarmed Combat
  4455 | D:5      | Noticed Ijyb
  4463 | D:5      | Killed Ijyb
  4464 | D:5      | Reached XP level 8. HP: 59/59 MP: 8/14
  4919 | D:5      | Noticed Menkaure
  4925 | D:5      | Killed Menkaure
  4926 | D:5      | Reached skill level 3 in Ice Magic
  5269 | D:6      | HP: 14/70 [gnoll/+0 halberd[a gnoll sergeant] (4)]
  5273 | D:6      | HP: 6/70 [poisoned by a gnoll]
  5278 | D:6      | HP: 3/70 [poisoned by a gnoll]
  5280 | D:6      | HP: 1/70 [poisoned by a gnoll]
  5845 | D:6      | Reached skill level 7 in Transmutations
  5865 | D:6      | You pick up a book of the Tundra and begin reading...
  5865 | D:6      | You add the spells Hailstorm and Simulacrum to your
                  | library.
  5938 | D:6      | Reached skill level 4 in Ice Magic
  6162 | D:6      | Reached skill level 5 in Spellcasting
  6289 | D:6      | Reached skill level 5 in Ice Magic
  6289 | D:6      | Reached XP level 9. HP: 64/64 MP: 11/16
  6395 | D:6      | Found a burning altar of Makhleb.
  6733 | D:6      | Reached skill level 6 in Unarmed Combat
  6757 | D:7      | Reached skill level 8 in Transmutations
  6800 | D:7      | Noticed a cyan ugly thing
  6810 | D:7      | Killed a cyan ugly thing
  6816 | D:7      | Found a staircase to the Ecumenical Temple.
  6822 | Temple   | Entered the Ecumenical Temple
  6884 | Temple   | Became a worshipper of Ru the Awakened
  6916 | D:7      | Reached skill level 6 in Ice Magic
  6941 | D:7      | Noticed Joseph
  6953 | D:7      | Killed Joseph
  6961 | D:7      | Found a flagged portal.
  7003 | Bailey   | Entered a bailey
  7226 | Bailey   | HP: 16/76 [orc warrior (6)]
  7228 | Bailey   | Shot with a bolt by an orc

Vanquished Creatures
  An ugly thing (D:7)
  Joseph (D:7)
  Sigmund (D:5)
  Menkaure (D:5)
  3 orc warriors
  2 black bears (D:6)
  An ice beast (D:6)
  A sky beast (D:6)
  An ogre (D:6)
  2 phantoms (D:4)
  A gnoll sergeant (D:6)
  Blork the orc (D:4)
  A scorpion (D:4)
  2 necrophages
  5 wights (D:7)
  A howler monkey (D:5)
  3 orc priests
  6 hounds
  A gnoll bouda (D:7)
  A jelly (D:4)
  Ijyb (D:5)
  11 iguanas
  4 orc wizards (D:6)
  7 adders
  8 gnolls
  A shadow imp (D:6)
  A white imp (D:6)
  2 ufetubi (D:6)
  A worm (D:5)
  4 dart slugs
  31 orcs
  6 endoplasms
  2 giant cockroaches
  8 hobgoblins
  4 quokkas
  7 ball pythons
  6 bats
  A frilled lizard (D:2)
  12 goblins
  10 kobolds
  5 rats
168 creatures vanquished.

Table legend:
 A = Non-vault XP
 B = Vault XP
 C = Vault XP percentage of total XP
 D = Non-vault monster count
 E = Vault monster count
 F = Vault count percentage of total count
                 A         B        C        D         E       F
            +---------+---------+-------+---------+---------+-------
      Total |    3060 |    1941 |  38.8 |     138 |      30 |  17.9
            +---------+---------+-------+---------+---------+-------
        D:1 |      42 |       1 |   2.3 |      24 |       1 |   4.0
        D:2 |      65 |       0 |   0.0 |      17 |       0 |   0.0
        D:3 |     122 |       0 |   0.0 |      15 |       0 |   0.0
        D:4 |     507 |      94 |  15.6 |      26 |       1 |   3.7
        D:5 |     424 |     431 |  50.4 |      13 |       3 |  18.8
        D:6 |     735 |     781 |  51.5 |      22 |      16 |  42.1
        D:7 |    1165 |     488 |  29.5 |      21 |       5 |  19.2
     Bailey |       0 |     146 | 100.0 |       0 |       4 | 100.0
            +---------+---------+-------+---------+---------+-------

Illustrated notes

Table legend:
 A = Kills in this place as a percentage of kills in entire the game.
 B = Kills by you in this place as a percentage of kills by you in the entire game.
 C = Kills by friends in this place as a percentage of kills by friends in the entire game.
 D = Other kills in this place as a percentage of other kills in the entire game.
 E = Experience gained in this place as a percentage of experience gained in the entire game.
 F = Experience gained in this place divided by the number of levels of this place that you have seen.
                   A       B       C       D       E      F
               +-------+-------+-------+-------+-------+----------------------
         Total | 100.0 | 100.0 |   N/A |   N/A | 100.0 | 555.7
       Dungeon |  97.6 |  97.6 |   N/A |   N/A |  97.1 | 693.6
        Bailey |   2.4 |   2.4 |   N/A |   N/A |   2.9 | 146.0
               +-------+-------+-------+-------+-------+----------------------

Table legend: (Time is in decaauts)
 A = Elapsed time spent in this place.
 B = Non-inter-level travel time spent in this place.
 C = Inter-level travel time spent in this place.
 D = Time resting spent in this place.
 E = Time spent auto-exploring this place.
 F = Levels seen in this place.
 G = Mean time per level.
                   A        B        C        D        E       F      G
               +--------+--------+--------+--------+--------+-----+--------+
         Total |   7199 |   6946 |    253 |    802 |   4850 |   9 |  799.9 |
       Dungeon |   6904 |   6659 |    245 |    684 |   4729 |   7 |  986.3 |
        Temple |     71 |     63 |      8 |      0 |     55 |   1 |   71.0 |
        Bailey |    223 |    223 |      0 |    118 |     66 |   1 |  223.0 |
               +--------+--------+--------+--------+--------+-----+--------+

Top non-repeatable levels by time:
     D:5: 1550 daAuts
     D:6: 1454 daAuts
     D:4: 1437 daAuts
     D:1: 965 daAuts
     D:2: 681 daAuts
     D:3: 625 daAuts
  Bailey: 223 daAuts
     D:7: 188 daAuts
  Temple: 71 daAuts
